 Dungeon Crawl Stone Soup version 0.32-a0-814-g0968bab981 (webtiles) character file.

Game seed: 4580190640075916723

1191 Ijustatesigmund the Magician (level 8, -1/55 HPs)
             Began as an Octopode Conjurer on Mar 22, 2024.
             Slain by a sleepcap (19 damage)
             ... on level 5 of the Dungeon.
             The game lasted 00:09:46 (5783 turns).

Ijustatesigmund the Magician (Octopode Conjurer)    Turns: 5783, Time: 00:09:47

Health: -1/55      AC:  1    Str:  6    XL:     8   Next: 43%
Magic:  8/16       EV:  2    Int: 23    God:
Gold:   150        SH:  0    Dex: 10    Spells: 11/18 levels left

rFire   . . .        b - +1 hand axe
rCold   . . .        (no shield)
rNeg    . . .        (helmet restricted)
rPois   .            (no amulet)
rElec   .            (no ring)
rCorr   .            (no ring)
SInv    .            (no ring)
Will    .....        (no ring)
Stlth   +++          (no ring)
HPRegen 0.29/turn    (no ring)
MPRegen 0.15/turn    (no ring)
                     (no ring)

%: no passive effects
@: sleeping
A: almost no armour, amphibious, 8 rings, camouflage 1, gelatinous body 1,
(nimble swimmer 1), tentacles
a: no special abilities


You were on level 5 of the Dungeon.
You visited 1 branch of the dungeon, and saw 5 of its levels.
You also visited: Sewer.

You collected 150 gold pieces.

Inventory:

Hand Weapons
 b - a +1 hand axe (weapon)
Wands
 k - a wand of quicksilver (4)
 p - a wand of flame (18)
Scrolls
 g - 3 scrolls of enchant weapon
 h - a scroll of fog
 j - 3 scrolls of teleportation
 l - a scroll of enchant armour {unknown}
 m - a scroll of immolation {unknown}
 n - a scroll of amnesia
Potions
 a - 2 potions of magic
 c - 2 potions of haste {unknown}
 d - a potion of berserk rage {unknown}
 e - a potion of cancellation {unknown}
 f - 3 potions of might
 i - a potion of curing
 o - a potion of degeneration {unknown}


   Skills:
 + Level 5.0 Fighting
 - Level 2.0 Dodging
 - Level 2.6 Stealth
 + Level 5.7 Spellcasting
 - Level 4.5 Conjurations
 + Level 5.2 Translocations


You had 11 spell levels left.
You knew the following spells:

 Your Spells              Type           Power      Damage    Failure   Level
a - Magic Dart            Conj           100%       1d8       1%          1
b - Searing Ray           Conj           54%        2d6       1%          2
c - Iskenderun's Mystic   Conj/Tloc      29%        2d7       12%         4

Your spell library contained the following spells:

 Spells                   Type           Power      Damage    Failure   Level
 Blink                    Tloc           60%        N/A       1%          2
 Call Imp                 Summ           12%        N/A       13%         2
 Fulminant Prism          Conj/Alch      8%         3d7       34%         4


Dungeon Overview and Level Annotations

Branches:
Dungeon (5/15)              Sewer (visited)
 Temple: D:4-7

Altars:
Ashenzari
Dithmenos
Gozag
Nemelex Xobeh
Okawaru
Sif Muna
Xom
Yredelemnul

Shops:
D:2 =


Innate Abilities, Weirdness & Mutations

You cannot wear most types of armour.
You are amphibious.
You can wear up to eight rings at the same time.
Your skin changes colour to match your surroundings (Stealth+).
Your rubbery body absorbs attacks. (AC +1, EV +1)
((You are camouflaged when in or above water. (Stealth+)))
You have tentacles for arms and can constrict up to eight enemies at once.


Message History

You fall asleep.
The sleepcap barely misses you. The sleepcap completely misses you.
The sleepcap releases spores at you!
You wake up.
You are engulfed in a cloud of soporific spores!
You are unaffected.
Casting: Magic Dart (safe; 1% risk of failure)
Confirm with . or Enter, or press ? or * to list all spells.
Aiming: Magic Dart (safe; 1% risk of failure)
Press: ? - help, Shift-Dir - straight line, f/p - sleepcap
Aim: a sleepcap (heavily damaged, 100% to hit)
The magic dart hits the sleepcap but does no damage.
The sleepcap is heavily damaged.
The sleepcap releases spores at you.
Casting: Magic Dart (safe; 1% risk of failure)
Confirm with . or Enter, or press ? or * to list all spells.
Aiming: Magic Dart (safe; 1% risk of failure)
Press: ? - help, Shift-Dir - straight line, f/p - sleepcap
Aim: a sleepcap (heavily damaged, 100% to hit)
The magic dart hits the sleepcap.
The sleepcap is heavily damaged.
The sleepcap barely misses you.
Your magical contamination has completely faded away.
Casting: Magic Dart (safe; 1% risk of failure)
Confirm with . or Enter, or press ? or * to list all spells.
Aiming: Searing Ray (safe; 1% risk of failure)
Press: ? - help, Shift-Dir - straight line, f/p - sleepcap
Aim: a sleepcap (heavily damaged, 100% to hit)
The searing ray hits the sleepcap!
The sleepcap is severely damaged. (Press . to maintain the ray.)
The sleepcap releases spores at you.
Unknown command.
The searing ray hits the sleepcap.
The sleepcap is almost destroyed.
The sleepcap releases spores at you.
You are engulfed in a cloud of soporific spores!
You fall asleep.
The sleepcap releases spores at you!!
You die...

.## ##.##
#.....############### .#
####.####.♣♣♣♣.............#
.#
##....÷....♣..♣.......#####.#
.###...#.####....♣######.#
#.# .#.......# #.._.♣ #.# #.#
.#.#...######....♣ #.#####.##
.#.##.## #...♣..♣ #
#.†......#
...##.#####.##♣♣♣♣.#
#######..# .#.......##.#
#.@..# #..# ##.##....##.#
#.#f## #..#
##........#.###.#.# #..#
##..............#.# #..#
##.....)..#.#####.# #..#
.........##.# .# #.##
##.......##.# .# ####
####..####.# .# # #..# #.. #


You could see a sleepcap.

Vanquished Creatures
  Grinder (D:5)
  A black bear (D:5)
  An ogre (D:5)
  A kobold brigand (Sewer)
  Blork the orc (D:4)
  2 brain worms (Sewer)
  3 scorpions
  2 hounds (D:5)
  Jessica (D:3)
  An orc wizard (D:5)
  9 adders
  3 gnolls (D:5)
  9 river rats
  2 ufetubi (D:5)
  3 dart slugs
  5 orcs
  6 ball pythons
  3 endoplasms (D:3)
  3 giant cockroaches
  4 hobgoblins
  11 jackals
  5 quokkas
  A bat (D:1)
  2 frilled lizards (Sewer)
  4 goblins
  6 kobolds
  10 rats
100 creatures vanquished.

Notes
Turn   | Place    | Note
-------+----------+-------------------------------------------
     0 | D:1      | Ijustatesigmund the Octopode Conjurer began the quest for
                  | the Orb.
     0 | D:1      | Reached XP level 1. HP: 11/11 MP: 3/3
   406 | D:1      | Reached XP level 2. HP: 18/18 MP: 1/5
   409 | D:1      | Learned a level 2 spell: Searing Ray
   480 | D:1      | Reached skill level 1 in Fighting
   758 | D:1      | Reached XP level 3. HP: 23/23 MP: 3/6
   788 | D:1      | You fall into a shaft and drop 1 floor!
   814 | D:2      | Found Vurchuewe's Jewellery Shop.
  1465 | D:3      | Reached XP level 4. HP: 29/29 MP: 5/8
  1497 | D:3      | Learned a level 4 spell: Iskenderun's Mystic Blast
  1603 | D:3      | Found a broken altar of Ashenzari.
  1752 | D:3      | Found an iron altar of Okawaru.
  1883 | D:3      | Noticed Jessica
  1886 | D:3      | Killed Jessica
  1887 | D:3      | Reached skill level 1 in Translocations
  2069 | D:3      | Found a sparkling altar of Nemelex Xobeh.
  2170 | D:4      | Noticed Blork the orc
  2181 | D:4      | Killed Blork the orc
  2182 | D:4      | Reached XP level 5. HP: 27/34 MP: 4/10
  2365 | D:4      | Found a glowing drain.
  2390 | Sewer    | Entered a sewer
  2757 | Sewer    | Reached XP level 6. HP: 39/39 MP: 8/11
  3439 | Sewer    | Reached XP level 7. HP: 33/46 MP: 8/13
  3851 | D:4      | Found a shimmering altar of Xom.
  4173 | D:4      | Found a shadowy altar of Dithmenos.
  4304 | D:5      | Entered Level 5 of the Dungeon
  4362 | D:5      | Noticed Grinder
  4372 | D:5      | Killed Grinder
  4373 | D:5      | Reached skill level 5 in Spellcasting
  4451 | D:5      | Reached XP level 8. HP: 38/54 MP: 4/15
  4629 | D:5      | Found an opulent altar of Gozag.
  4850 | D:5      | Found a shimmering blue altar of Sif Muna.
  5081 | D:5      | Reached skill level 5 in Translocations
  5668 | D:5      | Found a basalt altar of Yredelemnul.
  5694 | D:5      | Reached skill level 5 in Fighting
  5783 | D:5      | Slain by a sleepcap

Illustrated notes

Levels and vault maps discovered:
D:1:      dpeg_arrival_tiny_c, layout_basic
D:2:      layout_rooms, serial_shops, nicolae_shop_behind_doors,
          minmay_misc_feat_hallway
D:3:      layout_basic, nemelex_dance_club_becter, okawaru_trees_1,
          mainiacjoe_overflow_six_doors_small, uniq_jessica
D:4:      layout_loops_ring, nicolae_overflow_hidden_temple,
          nicolae_dithmenos_through_a_glass_darkly, portal_sewer_entry_a,
          uniq_blork_the_orc
D:5:      layout_loops_ring, hellmonk_sif_muna_bookshelves,
          nicolae_gozag_seed_capital, mainiacjoe_overflow_chevrons,
          mainiacjoe_overflow_alcove_1, uniq_grinder

Skill      XL: |  1  2  3  4  5  6  7  8 |
---------------+-------------------------+-----
Fighting       | 1 2 3 4 5 |  5.0
Spellcasting   | 3 4 5 |  5.7
Translocations | 2 3 4 5 |  5.2
Dodging        | |  2.0
Stealth        | |  2.6
Conjurations   | |  4.5

Action                     |  1- 3 |  4- 6 |  7- 9 || total
---------------------------+-------+-------+-------++-------
  Melee: Hand axe          |    11 |    44 |    31 ||    86
         Constrict         |     6 |    17 |    12 ||    35
         Tentacles         |     1 |    12 |    11 ||    24
   Cast: Magic Dart        |    55 |    57 |    58 ||   170
         Searing Ray       |       |     5 |     8 ||    13
         Iskenderun's Myst |       |       |     1 ||     1
    Use: Scroll            |       |     6 |     2 ||     8
         Potion            |       |     5 |       ||     5
   Stab: Sleeping          |       |     3 |     1 ||     4
 Armour: Skin              |     1 |    23 |    31 ||    55
  Dodge: Dodged            |    17 |    29 |    31 ||    77

Table legend: (Time is in decaauts)
 A = Elapsed time spent in this place.
 B = Non-inter-level travel time spent in this place.
 C = Inter-level travel time spent in this place.
 D = Time resting spent in this place.
 E = Time spent auto-exploring this place.
 F = Levels seen in this place.
 G = Mean time per level.
                   A        B        C        D        E       F      G
               +--------+--------+--------+--------+--------+-----+--------+
         Total |   5807 |   5737 |     70 |   1167 |   3882 |   6 |  967.8 |
       Dungeon |   4535 |   4465 |     70 |    765 |   3213 |   5 |  907.0 |
         Sewer |   1271 |   1271 |      0 |    402 |    669 |   1 | 1271.0 |
               +--------+--------+--------+--------+--------+-----+--------+

Top non-repeatable levels by time:
     D:5: 1481 daAuts
   Sewer: 1271 daAuts
     D:4: 892 daAuts
     D:1: 790 daAuts
     D:3: 719 daAuts
     D:2: 651 daAuts
